黄安君找了2000分野爹都带不动,被打的精神错乱一会说对面开黑装高手,一会说对面又不菜

Match 20030726
End
Royal Engineer Section
Construct Section Command Post
Dingo Light Scout Car
Vickers Machine Gun Team
Selects Indian Artillery Battlegroup
Selects Towed ML 4.2-inch Heavy Mortar
Towed ML 4.2-inch Heavy Mortar
Infantry Section
Infantry Section
Construct Field Infirmary
Construct Platoon Command Post
Selects Valour
Selects Gurkha Rifles Section
Gurkha Rifles Section
Construct Field Infirmary
Construct Company Command Post
Construct Company Command Post
Towed ML 4.2-inch Heavy Mortar
Selects Volunteer Infantry
Matilda II Heavy Tank
Royal Engineer Section
Unlock Bishop Self-propelled Artillery
Selects Off-map Airburst Barrage
Towed ML 4.2-inch Heavy Mortar
Off-map Airburst Barrage
Bishop Self-propelled Artillery
Royal Engineer Section
Unlock M3 Grant Medium Tanks
Off-map Airburst Barrage
M3 Grant Medium Tank
M3 Grant Medium Tank
Off-map Airburst Barrage
M3 Grant Medium Tank
Off-map Airburst Barrage
Gurkha Rifles Section
Off-map Airburst Barrage
鲨鱼@
疾風刃雷
Hell's Greatest Dad
Good team
0
0

Comments sign in to comment!

No comments posted yet!